cohdb
Replays
Latest Replays
All Replays
Popular Replays
Top Player Replays
Match Explorer
How It Works
Community
CoH3 Stats
Reddit
Sign in to upload your games and track your stats! →
Sign in with Steam
Match 42700470
Unlisted
Match 42700470
Overview
Messages
Build Orders
End
Construct Barracks
Selects Special Operations Battlegroup
Selects M29 Weasel Recon Vehicle
M29 Weasel Recon Vehicle
Riflemen Squad
Riflemen Squad
Grenade Package
Construct Medical Station
M1 Mortar Team
Air Support Center
M1 Mortar Team
Construct Motor Pool
Selects Raiding Flares
Raiding Flares
Riflemen Squad
P-47 Strafing Run
M24 Chaffee Light Tank
Grasshopper Recon Run
M1 Anti-tank Gun Team
Selects SSF Commando Squad
SSF Commando Squad
M1918 Browning Automatic Rifles
Raiding Flares
P-47 Dive Bomb
SSF Commando Squad
Double Sortie
Scout Squad
M1 Anti-tank Gun Team
Selects P-47 Anti-Infantry Loiter
Selects UNKNOWN (2162291)
Selects Mark Vehicle
Construct Tank Depot
Selects M4A1 Sherman Whizbang
Raiding Flares
P-47 Strafing Run
P-47 Dive Bomb
M4A1 Sherman Whizbang
Selects Air Re-supply Operation
P-47 Dive Bomb
Engineer Squad
M18 Hellcat Tank Destroyer
laklak
Pretty Honey badger
herr_Schwarz
Grand.G
0
0
Comments
sign in to comment!
No comments posted yet!